 Dungeon Crawl Stone Soup version 0.31.0-9-g3a7656b989 (webtiles) character file.

Game seed: 13036611830388048096

6 qw the Shooter (level 1, 0/12 HPs)
             Began as a Deep Elf Hunter on Feb 2, 2024.
             Slain by a quokka (3 damage)
             ... on level 1 of the Dungeon.
             The game lasted 00:00:00 (313 turns).

qw the Shooter (Deep Elf Hunter)                     Turns: 313, Time: 00:00:01

Health: 0/12       AC:  3    Str:  8    XL:     1   Next: 75%
Magic:  3/3        EV: 12    Int: 13    God:
Gold:   17         SH:  0    Dex: 18    Spells: 0/0 levels left

rFire   . . .        a - +0 shortbow
rCold   . . .        (shield currently unavailable)
rNeg    . . .        c - +0 leather armour
rPois   .            (no helmet)
rElec   .            (no cloak)
rCorr   .            (no gloves)
SInv    .            (no boots)
Will    .....        (no amulet)
Stlth   ++           (no ring)
HPRegen 0.22/turn    (no ring)
MPRegen 0.08/turn

%: no passive effects
@: no status effects
A: no striking features
a: no special abilities


You were on level 1 of the Dungeon.
You visited 1 branch of the dungeon, and saw 1 of its levels.

You collected 17 gold pieces.


   Skills:
 - Level 1.5 Fighting
 + Level 5.8 Ranged Weapons
 - Level 2.4 Dodging
 - Level 1.2 Stealth


You couldn't memorise any spells.
You didn't know any spells.
Your spell library was empty.

Inventory:

Hand Weapons
 a - a +0 shortbow (weapon)
Armour
 c - a +0 leather armour (worn)
Scrolls
 b - a scroll of butterflies
 d - a scroll of revelation {unknown}
 e - a scroll of amnesia {unknown}
 f - a scroll of blinking {unknown}
 h - a scroll of immolation {unknown}
 i - a scroll of teleportation {unknown}
Potions
 g - a potion of ambrosia {unknown}

Dungeon Overview and Level Annotations

Branches:
Dungeon (1/15)

Altars:


Message History

The bat closely misses you.
You shoot an arrow. The arrow misses the bat.
The bat closely misses you.
You shoot an arrow. The arrow barely misses the bat.
The bat hits you. The bat closely misses you.
You shoot an arrow. The arrow hits the bat.
You kill the bat!
You start resting.
HP restored.
You see here a bat corpse.
h - a scroll labelled VAOKHLY HAVO;
i - a scroll labelled BUIXET FAEDYIKH A bat comes into view.
You shoot an arrow. The arrow hits the bat.
You kill the bat!
You see here a rat corpse.
You now have 17 gold pieces (gained 12).
You see here a rat corpse.
A quokka comes into view.
You shoot an arrow. The arrow hits the quokka.
The quokka is severely wounded.
You shoot an arrow. The arrow closely misses the quokka.
You shoot an arrow. The arrow closely misses the quokka.
The quokka barely misses you.
You shoot an arrow. The arrow barely misses the quokka.
The quokka barely misses you.
You shoot an arrow. The arrow barely misses the quokka.
The quokka bites you. x2
You shoot an arrow.
The arrow hits the quokka but does no damage.
The quokka is severely wounded.
The quokka bites you.
You shoot an arrow. The arrow hits the quokka.
The quokka is almost dead.
The quokka bites you. The quokka misses you.
You shoot an arrow. The arrow barely misses the quokka.
The quokka misses you.
You shoot an arrow. The arrow hits the quokka.
The quokka is almost dead.
The quokka bites you.
You die...

............# ###
#..........# ...#
#..........#
#...#.....%....##
#..#...........%..
#.........########
##.#......###
#.......%..# #######
###@.(...#.###......
#.....r..(...#..........
#......$.....#####......
#............# #...[..
#.........#### #......
#.........# #######
#...$.....# #
#.........# # #####


You could see a quokka.

Vanquished Creatures
  A goblin (D:1)
  A quokka (D:1)
  3 bats (D:1)
  A rat (D:1)
  A spectral goblin (D:1)
7 creatures vanquished.

Notes
Turn   | Place    | Note
-------+----------+-------------------------------------------
     0 | D:1      | qw the Deep Elf Hunter began the quest for the Orb.
     0 | D:1      | Reached XP level 1. HP: 12/12 MP: 3/3
     0 | D:1      | 0 ||| qw: Version: 0.3-a-155-g5e7d8dd
     0 | D:1      | 0 ||| qw: Game counter: 1671
     0 | D:1      | 0 ||| qw: Melee chars always use a shield: true
     0 | D:1      | 0 ||| qw: God list: Okawaru
     0 | D:1      | 0 ||| qw: Allow faded altars: false
     0 | D:1      | 0 ||| qw: Do Orc after clearing Dungeon:15 true
     0 | D:1      | 0 ||| qw: Do second Lair branch before Depths: true
     0 | D:1      | 0 ||| qw: Lair rune preference: random
     0 | D:1      | 0 ||| qw: Goals: Normal
     0 | D:1      | 0 ||| PLANNING D:1-11
   120 | D:1      | Found a faded altar of an unknown god.
   311 | D:1      | HP: 2/12 [quokka (2)]
   313 | D:1      | Slain by a quokka

Levels and vault maps discovered:
D:1:      sevenhm_arrival_forest_fort_large_4, layout_basic,
          dreamdust_ecumenical_altar_drowned_temple

Action                     || total
---------------------------++-------
   Fire: Shortbow          ||    22
 Armour: Leather armour    ||     8
  Dodge: Dodged            ||     8

Table legend:
 A = Non-vault XP
 B = Vault XP
 C = Vault XP percentage of total XP
 D = Non-vault monster count
 E = Vault monster count
 F = Vault count percentage of total count
                 A         B        C        D         E       F
            +---------+---------+-------+---------+---------+-------
      Total |       8 |       1 |  11.1 |       6 |       1 |  14.3
            +---------+---------+-------+---------+---------+-------
        D:1 |       8 |       1 |  11.1 |       6 |       1 |  14.3
            +---------+---------+-------+---------+---------+-------
